TOP OF THE 1ST |
Xavier Musketeers batting - Pitching for Illinois Fighting Illini : RHP Arnold Jacobson
|
Pitching: RHP Arnold Jacobson
|
|
Batting: SHB Rick Hinton
|
0-0: Ball 1-0: Called Strike 1-1: Foul Ball, location: 2F 1-2: Ball 2-2: Ball 3-2: SOLO HOME RUN (Flyball, 89XD), Distance : 369 ft
|
Batting: SHB Jorge Tamayo
|
0-0: Foul Ball, location: 2F 0-1: Ball 1-1: Ball 2-1: Fly out, F4 (Popup, 9LS)
|
Batting: SHB Matt Pierce
|
0-0: Called Strike 0-1: Ball 1-1: Foul Ball, location: 2F 1-2: Ball 2-2: Ball 3-2: Foul Ball, location: 2F 3-2: Foul Ball, location: 2F 3-2: Base on Balls
|
Batting: RHB Tucker Cantrell
|
0-0: Called Strike 0-1: Ball 1-1: SINGLE (Groundball, 4M) Matt Pierce to second
|
Batting: LHB Roberto Barrón
|
0-0: Fielders Choice at 2nd, 6-4 (Groundball, 6M) Matt Pierce to third
|
Batting: RHB Ty Adams
|
0-0: Ball 1-0: Ball 2-0: Ball 3-0: Base on Balls Roberto Barrón to second
|
Batting: LHB Paul Valentine
|
0-0: Ball 1-0: Reached on error, E3 (Groundball, 34S) Matt Pierce scores Roberto Barrón scores Ty Adams to third
|
Batting: RHB Will Sawyer
|
0-0: Ground out 6-3 (Groundball, 6M)
|
Top of the 1st over - 3 run(s), 2 hit(s), 1 error(s), 2 left on base; Xavier 3 - Illinois 0 |
BOTTOM OF THE 1ST |
Illinois Fighting Illini batting - Pitching for Xavier Musketeers : LHP Scott Henson
|
Pitching: LHP Scott Henson
|
|
Batting: SHB Dale Winters
|
0-0: Ball 1-0: Called Strike 1-1: Swinging Strike 1-2: Fly out, F8 (Flyball, 8LS)
|
Batting: RHB Allen Brown
|
0-0: Ground out 5-3 (Groundball, 5S)
|
Batting: SHB Frank Grant
|
0-0: Called Strike 0-1: Called Strike 0-2: Ball 1-2: Foul Ball, location: 2F 1-2: Ball 2-2: Foul Ball, location: 2F 2-2: Ball 3-2: Base on Balls
|
Batting: LHB Joe Alexander
|
0-0: Ball 1-0: SINGLE (Flyball, 89S) Frank Grant to second Runner from 2nd tries for 3rd, SAFE, throw made to third
|
Batting: RHB Alfonso Reyes
|
0-0: SINGLE (Line Drive, 78M) Frank Grant scores Joe Alexander to second
|
Batting: LHB John Miller
|
0-0: DOUBLE (Line Drive, 5D) Joe Alexander scores Alfonso Reyes to third Runner from 3rd tries for Home, SAFE, no throw or cutoff
|
Batting: SHB Arturo García
|
0-0: Swinging Strike 0-1: Hit by Pitch
|
Batting: RHB Jon Foster
|
0-0: Ball 1-0: Ground out 1-3 (Groundball, 15S)
|
Bottom of the 1st over - 3 run(s), 3 hit(s), 0 error(s), 2 left on base; Xavier 3 - Illinois 3 |
TOP OF THE 2ND |
Xavier Musketeers batting - Pitching for Illinois Fighting Illini : RHP Arnold Jacobson
|
Batting: SHB Ray Reid
|
0-0: Ball 1-0: Foul Ball, location: 2F 1-1: DOUBLE (Flyball, 78M)
|
Batting: SHB Rick Hinton
|
0-0: Called Strike 0-1: Ball 1-1: Ball 2-1: Ground out 4-3 (Groundball, 4M) Ray Reid to third
|
Batting: SHB Jorge Tamayo
|
0-0: Swinging Strike 0-1: Called Strike 0-2: Ball 1-2: Ball 2-2: Foul Ball, location: 2F 2-2: Ball 3-2: Strikes out looking
|
Batting: SHB Matt Pierce
|
0-0: Ball 1-0: Ground out 6-3 (Groundball, 6)
|
Top of the 2nd over - 0 run(s), 1 hit(s), 0 error(s), 1 left on base; Xavier 3 - Illinois 3 |
BOTTOM OF THE 2ND |
Illinois Fighting Illini batting - Pitching for Xavier Musketeers : LHP Scott Henson
|
Batting: SHB Shannon Cline
|
0-0: Called Strike 0-1: Swinging Strike 0-2: Ball 1-2: Ball 2-2: Ball 3-2: Base on Balls
|
Batting: SHB Dale Winters
|
0-0: SINGLE (Groundball, 6MD) Shannon Cline to second
|
Batting: RHB Allen Brown
|
0-0: Ball 1-0: Called Strike 1-1: Ball 2-1: Foul Ball, location: 2F 2-2: Foul Ball, location: 2F 2-2: Grounds into double play, 6-4-3 (Groundball, 6M) Shannon Cline to third
|
Batting: SHB Frank Grant
|
0-0: Called Strike 0-1: Fly out, F9 (Line Drive, 9S)
|
Bottom of the 2nd over - 0 run(s), 1 hit(s), 0 error(s), 1 left on base; Xavier 3 - Illinois 3 |
TOP OF THE 3RD |
Xavier Musketeers batting - Pitching for Illinois Fighting Illini : RHP Arnold Jacobson
|
Batting: RHB Tucker Cantrell
|
0-0: Ball 1-0: Called Strike 1-1: Foul Ball, location: 2F 1-2: Ball 2-2: Foul Ball, location: 2F 2-2: Strikes out swinging
|
Batting: LHB Roberto Barrón
|
0-0: Called Strike 0-1: Ball 1-1: Fly out, F8 (Flyball, 8RM)
|
Batting: RHB Ty Adams
|
0-0: Ground out 6-3 (Groundball, 6M)
|
Top of the 3rd over - 0 run(s), 0 hit(s), 0 error(s), 0 left on base; Xavier 3 - Illinois 3 |
BOTTOM OF THE 3RD |
Illinois Fighting Illini batting - Pitching for Xavier Musketeers : LHP Scott Henson
|
Batting: LHB Joe Alexander
|
0-0: Ball 1-0: Ground out 1-3 (Groundball, 15)
|
Batting: RHB Alfonso Reyes
|
0-0: SINGLE (Line Drive, 5D)
|
Batting: LHB John Miller
|
0-0: Ball 1-0: Fly out, F8 (Line Drive, 8LS)
|
Batting: SHB Arturo García
|
0-0: Ball 1-0: Ball 2-0: Ball 3-0: Base on Balls Alfonso Reyes to second
|
Batting: RHB Jon Foster
|
0-0: Called Strike 0-1: Ball 1-1: Ball 2-1: Ball 3-1: Foul Ball, location: 2F 3-2: Strikes out looking
|
Bottom of the 3rd over - 0 run(s), 1 hit(s), 0 error(s), 2 left on base; Xavier 3 - Illinois 3 |
TOP OF THE 4TH |
Xavier Musketeers batting - Pitching for Illinois Fighting Illini : RHP Arnold Jacobson
|
Batting: LHB Paul Valentine
|
0-0: Ball 1-0: Foul Ball, location: 2F 1-1: Ground out 4-3 (Groundball, 4M)
|
Batting: RHB Will Sawyer
|
0-0: Ball 1-0: Ball 2-0: Ball 3-0: Called Strike 3-1: Foul Ball, location: 2F 3-2: Foul Ball, location: 2F 3-2: Foul Ball, location: 2F 3-2: Foul Ball, location: 2F 3-2: Foul Ball, location: 2F 3-2: Foul Ball, location: 2F 3-2: Foul Ball, location: 2F 3-2: Base on Balls
|
Batting: SHB Ray Reid
|
0-0: Called Strike Will Sawyer steals 2nd base 0-1: Ball 1-1: Called Strike 1-2: Ground out 6-3 (Groundball, 6)
|
Batting: SHB Rick Hinton
|
0-0: Ball 1-0: Called Strike 1-1: Ball 2-1: Ground out 5-3 (Groundball, 56S)
|
Top of the 4th over - 0 run(s), 0 hit(s), 0 error(s), 1 left on base; Xavier 3 - Illinois 3 |
BOTTOM OF THE 4TH |
Illinois Fighting Illini batting - Pitching for Xavier Musketeers : LHP Scott Henson
|
Batting: SHB Shannon Cline
|
0-0: Called Strike 0-1: Foul Ball, location: 2F 0-2: Strikes out swinging
|
Batting: SHB Dale Winters
|
0-0: Called Strike 0-1: DOUBLE (Line Drive, 7LS)
|
Batting: RHB Allen Brown
|
0-0: Ball 1-0: Called Strike 1-1: Called Strike 1-2: Ball 2-2: Ball Wild Pitch! Dale Winters to third 3-2: Strikes out swinging
|
Batting: SHB Frank Grant
|
0-0: Ball 1-0: Ground out 4-3 (Groundball, 34)
|
Bottom of the 4th over - 0 run(s), 1 hit(s), 0 error(s), 1 left on base; Xavier 3 - Illinois 3 |
TOP OF THE 5TH |
Xavier Musketeers batting - Pitching for Illinois Fighting Illini : RHP Arnold Jacobson
|
Batting: SHB Jorge Tamayo
|
0-0: Ball 1-0: Foul Ball, location: 2F 1-1: Foul Ball, location: 2F 1-2: Foul Ball, location: 2F 1-2: Foul Ball, location: 2F 1-2: Ball 2-2: Fly out, F6 (Popup, 6D)
|
Pitching: RHP Pedro Luque
|
|
Batting: SHB Matt Pierce
|
0-0: Called Strike 0-1: Ball 1-1: Ball 2-1: Foul Ball, location: 2F 2-2: Ball 3-2: Base on Balls
|
Batting: RHB Tucker Cantrell
|
0-0: Foul Ball, location: 2F 0-1: SINGLE (Groundball, 56D) Matt Pierce to second
|
Batting: LHB Roberto Barrón
|
0-0: Ball 1-0: Foul Ball, location: 2F 1-1: Fielders Choice at 2nd, 5-4 (Groundball, 56) Matt Pierce to third
|
Batting: RHB Ty Adams
|
0-0: Foul Ball, location: 2F 0-1: Fly out, F9 (Flyball, 89S)
|
Top of the 5th over - 0 run(s), 1 hit(s), 0 error(s), 2 left on base; Xavier 3 - Illinois 3 |
BOTTOM OF THE 5TH |
Illinois Fighting Illini batting - Pitching for Xavier Musketeers : LHP Scott Henson
|
Batting: LHB Joe Alexander
|
0-0: Foul Ball, location: 2F 0-1: Ground out 4-3 (Groundball, 4)
|
Batting: RHB Alfonso Reyes
|
0-0: Swinging Strike 0-1: Ball 1-1: Ball 2-1: Ball 3-1: Called Strike 3-2: Base on Balls
|
Batting: LHB John Miller
|
0-0: Called Strike 0-1: Called Strike 0-2: Ball 1-2: Foul Ball, location: 2F 1-2: Ball 2-2: Foul Ball, location: 2F 2-2: Foul Ball, location: 2F 2-2: Strikes out swinging
|
Pitching: RHP Carlos Hernández
|
|
Batting: SHB Arturo García
|
0-0: Ball 1-0: DOUBLE (Line Drive, 7LM) Alfonso Reyes to third Runner from 3rd tries for Home, SAFE, no throw or cutoff
|
Batting: RHB Jon Foster
|
0-0: Called Strike 0-1: Fly out, F6 (Popup, 6M)
|
Bottom of the 5th over - 1 run(s), 1 hit(s), 0 error(s), 1 left on base; Xavier 3 - Illinois 4 |
TOP OF THE 6TH |
Xavier Musketeers batting - Pitching for Illinois Fighting Illini : RHP Pedro Luque
|
Batting: LHB Paul Valentine
|
0-0: Called Strike 0-1: Ball 1-1: Ball 2-1: Foul Ball, location: 2F 2-2: Foul Ball, location: 2F 2-2: Ball 3-2: Ground out 6-3 (Groundball, 6)
|
Batting: RHB Will Sawyer
|
0-0: Ball 1-0: Ball 2-0: Called Strike 2-1: Ground out 6-3 (Groundball, 6M)
|
Batting: SHB Ray Reid
|
0-0: Ground out 5-3 (Groundball, 5S)
|
Top of the 6th over - 0 run(s), 0 hit(s), 0 error(s), 0 left on base; Xavier 3 - Illinois 4 |
BOTTOM OF THE 6TH |
Illinois Fighting Illini batting - Pitching for Xavier Musketeers : RHP Carlos Hernández
|
Batting: SHB Shannon Cline
|
0-0: Ball 1-0: Ball 2-0: Ball 3-0: Called Strike 3-1: Called Strike 3-2: Base on Balls
|
Batting: SHB Dale Winters
|
0-0: Ball 1-0: Foul Ball, location: 2F 1-1: Ball 2-1: Foul Ball, location: 2F 2-2: Foul Ball, location: 2F 2-2: Fly out, F6 (Popup, 56D)
|
Batting: RHB Allen Brown
|
0-0: Called Strike 0-1: Grounds into double play, 6-4-3 (Groundball, 6M)
|
Bottom of the 6th over - 0 run(s), 0 hit(s), 0 error(s), 0 left on base; Xavier 3 - Illinois 4 |
TOP OF THE 7TH |
Xavier Musketeers batting - Pitching for Illinois Fighting Illini : RHP Pedro Luque
|
Batting: SHB Rick Hinton
|
0-0: Called Strike 0-1: Ball 1-1: Swinging Strike 1-2: Foul Ball, location: 2F 1-2: Strikes out looking
|
Pitching: RHP John Brock
|
|
Batting: SHB Jorge Tamayo
|
0-0: Called Strike 0-1: Ball 1-1: Ball 2-1: Foul Ball, location: 2F 2-2: Foul Ball, location: 2F 2-2: Ball 3-2: Strikes out swinging
|
Batting: SHB Matt Pierce
|
0-0: Ball 1-0: Foul Ball, location: 2F 1-1: Ball 2-1: Fly out, F8 (Flyball, 8LD)
|
Top of the 7th over - 0 run(s), 0 hit(s), 0 error(s), 0 left on base; Xavier 3 - Illinois 4 |
BOTTOM OF THE 7TH |
Illinois Fighting Illini batting - Pitching for Xavier Musketeers : RHP Carlos Hernández
|
Batting: SHB Frank Grant
|
0-0: Ball 1-0: Foul Ball, location: 2F 1-1: Ball 2-1: SINGLE (Groundball, 6MD)
|
Pitching: LHP Jeff Austin
|
|
Batting: LHB Joe Alexander
|
0-0: Called Strike 0-1: Ball 1-1: Ball 2-1: Fly out, F9 (Popup, 34D)
|
Batting: RHB Alfonso Reyes
|
0-0: Ball 1-0: Ball Frank Grant steals 2nd base 2-0: Called Strike 2-1: Called Strike 2-2: Strikes out swinging
|
Batting: LHB John Miller
|
0-0: Swinging Strike 0-1: Fly out, F7 (Flyball, 78S)
|
Bottom of the 7th over - 0 run(s), 1 hit(s), 0 error(s), 1 left on base; Xavier 3 - Illinois 4 |
TOP OF THE 8TH |
Xavier Musketeers batting - Pitching for Illinois Fighting Illini : RHP John Brock
|
Pitching: RHP Terence Wilson
|
|
Batting: RHB Tucker Cantrell
|
0-0: Foul Ball, location: 2F 0-1: Ball 1-1: Ball 2-1: Swinging Strike 2-2: Ball 3-2: Base on Balls
|
Batting: LHB Roberto Barrón
|
0-0: Ball 1-0: Foul Ball, location: 2F 1-1: Swinging Strike 1-2: Fly out, F7 (Line Drive, 7M)
|
Batting: RHB Ty Adams
|
0-0: Swinging Strike 0-1: Ball 1-1: Swinging Strike 1-2: Foul Ball, location: 2F 1-2: Grounds into double play, 6-4-3 (Groundball, 6)
|
Top of the 8th over - 0 run(s), 0 hit(s), 0 error(s), 0 left on base; Xavier 3 - Illinois 4 |
BOTTOM OF THE 8TH |
Illinois Fighting Illini batting - Pitching for Xavier Musketeers : LHP Jeff Austin
|
Batting: SHB Arturo García
|
0-0: Ball 1-0: Ball 2-0: Ball 3-0: Base on Balls
|
Batting: RHB Jon Foster
|
0-0: Sac Bunt - play at second, runner OUT! 5-6
|
Batting: SHB Shannon Cline
|
0-0: Ball 1-0: Swinging Strike 1-1: Foul Ball, location: 2F 1-2: Grounds into double play, 5-4-3 (Groundball, 5)
|
Bottom of the 8th over - 0 run(s), 0 hit(s), 0 error(s), 0 left on base; Xavier 3 - Illinois 4 |
TOP OF THE 9TH |
Xavier Musketeers batting - Pitching for Illinois Fighting Illini : RHP Terence Wilson
|
Pitching: RHP Joe Smith
|
|
Batting: LHB Paul Valentine
|
0-0: Called Strike 0-1: Ball 1-1: Foul Ball, location: 2F 1-2: Fly out, F6 (Popup, 6M)
|
Pinch Hitting: RHB Elliott Bell
|
0-0: Ball 1-0: Ball 2-0: Ball 3-0: Base on Balls
|
Pinch Hitting: RHB Joe Noble
|
0-0: Called Strike 0-1: Ball 1-1: Ball 2-1: Foul Ball, location: 2F 2-2: Ball 3-2: Strikes out swinging
|
Batting: SHB Rick Hinton
|
0-0: Ball 1-0: Fielders Choice at 2nd, U6 (Groundball, 6M)
|
Top of the 9th over - 0 run(s), 0 hit(s), 0 error(s), 1 left on base; Xavier 3 - Illinois 4 |
|